 Dungeon Crawl Stone Soup version 0.30-a0-242-g7bf8e6d787 (webtiles) character file.

Game seed: 6371378633331133472

368 Sobieck the Trooper (level 6, -19/66 HPs)
             Began as an Ogre Hexslinger on Oct 11, 2022.
             Killed from afar by Grinder (25 damage)
             ... with a bolt of light
             ... on level 4 of the Dungeon.
             The game lasted 00:07:34 (3509 turns).

Sobieck the Trooper (Ogre Hexslinger)               Turns: 3509, Time: 00:07:35

Health: -19/66     AC:  4    Str: 17    XL:     6   Next: 69%
Magic:  2/2        EV:  9    Int: 14    God:
Gold:   50         SH:  0    Dex:  9    Spells: 6/7 levels left

rFire   . . .      SeeInvis .    q - +0 hand axe (antimagic) {axe}
rCold   . . .      Faith    .    (no shield)
rNeg    . . .      Spirit   .    c - +0 robe
rPois   .          Reflect  .    (helmet restricted)
rElec   .          Harm     .    r - +0 cloak
rCorr   .          Rampage  .    (gloves unavailable)
Will    .....                    (boots unavailable)
Stlth   +.........               (no amulet)
HPRegen 0.31/turn                (no ring)
MPRegen 0.08/turn                (no ring)

@: confused, hasted, very quick
A: large, unfitting armour, tough skin 1
a: no special abilities


You were on level 4 of the Dungeon.
You visited 1 branch of the dungeon, and saw 4 of its levels.

You collected 106 gold pieces.
You spent 56 gold pieces at shops.


Innate Abilities, Weirdness & Mutations

You are too large for most types of armour.
You have tough skin. (AC +1)


   Skills:
 - Level 5.0 Fighting
 + Level 4.8 Maces & Flails
 - Level 1.3 Ranged Weapons
 - Level 1.7 Dodging
 - Level 1.2 Spellcasting
 - Level 2.6 Hexes


You had 6 spell levels left.
You knew the following spells:

 Your Spells              Type           Power      Damage    Failure   Level
a - Slow                  Hex            32%        N/A       9%          1

Your spell library contained the following spells:

 Spells                   Type           Power      Damage    Failure   Level
 Magic Dart               Conj           0%         1d3       26%         1
 Call Imp                 Summ           0%         N/A       36%         2
 Inner Flame              Hex/Fire       4%         N/A       41%         3
 Portal Projectile        Hex/Tloc       8%         N/A       41%         3
 Mephitic Cloud           Conj/Pois/Air  0%         N/A       61%         3
 Cause Fear               Hex            4%         N/A       65%         4

Inventory:

Hand Weapons
 a - a +0 flail {mace}
   (You found it on level 3 of the Dungeon)
 b - a +1 sling
 m - a +0 club {mace}
   (You took it off a kobold on level 1 of the Dungeon)
 q - a +0 antimagic hand axe (weapon) {axe}
   (You found it on level 3 of the Dungeon)
 x - a +0 mace {mace}
   (You took it off an orc on level 3 of the Dungeon)
 C - a +2 dagger of chaos {short}
   (You took it off a crimson imp on level 3 of the Dungeon)
 D - a +2 short sword of venom {short}
   (You took it off an orc on level 3 of the Dungeon)
Missiles
 d - 24 stones {throwing}
 z - 6 poisoned darts {throwing}
Armour
 c - a +0 robe (worn)
 h - a +0 robe
   (You found it on level 1 of the Dungeon)
 p - a +0 robe
   (You found it on level 2 of the Dungeon)
 r - a +0 cloak (worn)
   (You found it on level 2 of the Dungeon)
 v - a +0 robe
   (You took it off an orc wizard on level 3 of the Dungeon)
 y - a +0 robe
   (You took it off a gnoll bouda on level 4 of the Dungeon)
Magical Staves
 k - a staff of cold {!astaff}
   (You found it on level 1 of the Dungeon)
Wands
 B - a wand of flame (13)
   (You found it on level 3 of the Dungeon)
Scrolls
 e - 5 scrolls of teleportation {unknown}
 f - a scroll of torment {unknown}
 j - 2 scrolls of identify {unknown}
 s - a scroll of silence {unknown}
 w - 2 scrolls of poison {!r}
 A - a scroll of blinking {unknown}
Potions
 g - 2 potions of curing {@q1}
 l - 2 potions of resistance {unknown}
 n - a potion of berserk rage {unknown}
 o - a potion of cancellation {unknown}
 t - 2 potions of mutation {unknown}
 u - a potion of flight {unknown}
 E - a potion of might {unknown}

Dungeon Overview and Level Annotations

Branches:
Dungeon (4/15) Zot: 20393
 Temple: D:4-7

Altars:
Cheibriados
Makhleb
Nemelex Xobeh
Xom

Shops:
D:1 !

Annotations:
D:4 Grinder

...._ .... ... .. ##
#.##.# #...# # #.###.###
#######........
#......@.##.### #+#
#.#####5.##.# #.# #.#
#.......#
#.###.###.#..####
##.........#..# #
##...##........###### ##
#.....###...#........
.####...####...#########
...........#...#


You could see Grinder (fast, magic disrupted).


Message History

The sling bullet hits the orc but does no damage.
a - a +0 flail (weapon)
{mace} You closely miss the orc.
The orc barely misses you.
You hit the orc. The orc hits you with a +0 dagger.
The orc hits you but does no damage.
You hit the orc.
You kill the orc!
No target in view!
b - a +1 sling (weapon)
You now have 50 gold pieces (gained 14).
Found a stone staircase leading down.
Unknown command.
E - a silvery potion
Found a snail-covered altar of Cheibriados.
Unknown command.
Grinder comes into view.
She is carrying a wand of light (9).
Grinder shouts!
An endoplasm comes into view.
Danger!
Unknown command.
Grinder drinks a potion.
Grinder seems to speed up.
Unknown command.
a - a +0 flail (weapon)
{mace} Unknown command.
Unknown command.
Okay, then.
Unknown command.
Press: ? - help, . - travel You can't see that place. [a snail-covered altar of Cheibriados.]
You feel magic leave you.
q - a +0 antimagic hand axe (weapon)
{axe} Unknown command.
Unknown command.
Okay, then.
Unknown command.
Unknown command.
Unknown command.
You feel yourself speed up.
Unknown command.
Unknown command.
Grinder zaps a wand.
The bolt of light misses you.
Danger!
Unknown command.
Grinder says, "Tell me all your secrets, or I'll kill you."
Grinder closely misses you.
Unknown command.
You slash Grinder!
Grinder's magic leaks into the air.
Grinder barely misses you.
Unknown command.
You closely miss Grinder.
Grinder zaps a wand.
The bolt of light hits you!!
You slash Grinder!
Grinder's magic leaks into the air.
Grinder hits you but does no damage.
Grinder falters for a moment.
You hit Grinder but do no damage.
Grinder blinks!
Unknown command.
Grinder gestures at you. Pain shoots through your body!
Unknown command.
Unknown command.
Grinder gestures at you. Pain shoots through your body!
Unknown command.
You slash Grinder!
Grinder's magic leaks into the air.
Grinder gestures at you. Pain shoots through your body!
* * * LOW HITPOINT WARNING * * *
Unknown command.
You hit Grinder.
Grinder's magic leaks into the air.
Grinder gestures at you. Pain shoots through your body!
* * * LOW HITPOINT WARNING * * *
Unknown command.
You hit Grinder.
Grinder's magic leaks into the air.
Grinder gestures at you. Pain shoots through your body!
* * * LOW HITPOINT WARNING * * *
Unknown command.
You barely miss Grinder. Grinder barely misses you.
Unknown command.
You hit Grinder.
Grinder's magic leaks into the air.
Grinder hits you!
* * * LOW HITPOINT WARNING * * *
You writhe in agony.
* * * LOW HITPOINT WARNING * * *
Grinder falters for a moment.
Unknown command.
You feel better.
Grinder falters for a moment.
Unknown command.
You closely miss Grinder.
Grinder zaps a wand.
The bolt of light hits you.
* * * LOW HITPOINT WARNING * * *
You hit Grinder.
Grinder's magic leaks into the air.
Grinder zaps a wand.
The bolt of light hits you!!
You are confused.
You die...

Skill      XL: |  1  2  3  4  5  6 |
---------------+-------------------+-----
Fighting       | 2 3 5 |  5.0
Maces & Flails | 1 2 3 4 |  4.8
Ranged Weapons | |  1.3
Dodging        | |  1.7
Spellcasting   | |  1.2
Hexes          | |  2.6

Action                   |  1- 3 |  4- 6 || total
-------------------------+-------+-------++-------
Melee: Hand axe          |       |    40 ||    40
       Flail             |       |    93 ||    93
       Mace              |       |     8 ||     8
       Punch             |       |     1 ||     1
 Fire: Sling             |   156 |    89 ||   245
 Cast: Slow              |     6 |       ||     6
  Use: Potion            |       |     2 ||     2
Armor: Robe              |    51 |    45 ||    96
Dodge: Dodged            |    63 |    87 ||   150

Levels and vault maps discovered:
D:1:      onia_arrival_mini_maze_b, layout_basic, serial_shops,
          nicolae_diamond_shop
D:2:      layout_rooms, basic_altar, chequers_ecumenical_altar_simple_redux,
          chequers_serial_rivers_small_3
D:3:      layout_basic, grunt_temple_overflow_champion_of_chaos, uniq_natasha
D:4:      layout_loops_corners, lemuel_round_altar,
          nemelex_xobeh_ov_fountains_minmay, mainiacjoe_overflow_catwalk,
          kennysheep_little_box, uniq_grinder

Notes
Turn   | Place    | Note
-------+----------+-------------------------------------------
     0 | D:1      | Sobieck the Ogre Hexslinger began the quest for the Orb.
     0 | D:1      | Reached XP level 1. HP: 19/19 MP: 2/2
   210 | D:1      | Reached skill level 2 in Fighting
   327 | D:1      | Reached XP level 2. HP: 14/29 MP: 0/3
   508 | D:1      | Reached skill level 3 in Fighting
   518 | D:1      | Found Leowi's Distillery.
   806 | D:2      | Found a sparkling altar of Nemelex Xobeh.
   806 | D:2      | Found a faded altar of an unknown god.
   824 | D:2      | Reached XP level 3. HP: 39/39 MP: 4/4
   843 | D:2      | Reached skill level 4 in Fighting
   932 | D:1      | HP: 9/39 [adder (1)]
   936 | D:1      | HP: 4/40 [poisoned by an adder]
  1332 | D:1      | Bought a potion of degeneration for 14 gold pieces
  1347 | D:2      | You pick up a book of Minor Magic and begin reading...
  1347 | D:2      | You add the spells Magic Dart, Call Imp and Mephitic Cloud
                  | to your library.
  1465 | D:2      | Reached skill level 5 in Fighting
  1465 | D:2      | Reached skill level 1 in Maces & Flails
  1465 | D:2      | Reached XP level 4. HP: 39/50 MP: 2/5
  1812 | D:3      | Reached skill level 2 in Maces & Flails
  1812 | D:3      | Reached XP level 5. HP: 46/57 MP: 2/6
  1941 | D:3      | Reached skill level 3 in Maces & Flails
  2298 | D:4      | Reached XP level 6. HP: 35/66 MP: 7/7
  2476 | D:3      | Noticed Natasha
  2482 | D:3      | Killed Natasha
  2483 | D:3      | Reached skill level 4 in Maces & Flails
  2625 | D:1      | Bought a potion of curing for 42 gold pieces
  2675 | D:3      | Noticed Natasha
  2685 | D:3      | Killed Natasha
  2910 | D:3      | Found a shimmering altar of Xom.
  2911 | D:3      | Found a burning altar of Makhleb.
  2953 | D:3      | Noticed Natasha
  2963 | D:3      | Killed Natasha
  3485 | D:4      | Found a snail-covered altar of Cheibriados.
  3486 | D:4      | Noticed Grinder
  3504 | D:4      | HP: 13/66 [Grinder/nerve-wracking pain (4)]
  3506 | D:4      | HP: 6/66 [Grinder (8)]
  3509 | D:4      | Killed from afar by Grinder

Vanquished Creatures
  A crimson imp (D:3)
  A jelly (D:2)
  A gnoll bouda (D:4)
  An orc wizard (D:3)
  Natasha (thrice) (D:3)
  5 gnolls
  4 adders
  An ufetubus (D:2)
  2 worms (D:2)
  A dart slug (D:1)
  6 orcs
  10 ball pythons
  4 bats
  4 endoplasms
  2 giant cockroaches
  3 goblins
  8 hobgoblins
  6 kobolds
  4 quokkas
  4 frilled lizards
  6 rats
77 creatures vanquished.

Table legend:
 A = Non-vault XP
 B = Vault XP
 C = Vault XP percentage of total XP
 D = Non-vault monster count
 E = Vault monster count
 F = Vault count percentage of total count
                 A         B        C        D         E       F
            +---------+---------+-------+---------+---------+-------
      Total |     442 |      85 |  16.1 |      75 |       2 |   2.6
            +---------+---------+-------+---------+---------+-------
        D:1 |      41 |       0 |   0.0 |      14 |       0 |   0.0
        D:2 |      88 |       0 |   0.0 |      20 |       0 |   0.0
        D:3 |     233 |      85 |  26.7 |      33 |       2 |   5.7
        D:4 |      80 |       0 |   0.0 |       8 |       0 |   0.0
            +---------+---------+-------+---------+---------+-------

Illustrated notes

Table legend:
 A = Kills in this place as a percentage of kills in entire the game.
 B = Kills by you in this place as a percentage of kills by you in the entire game.
 C = Kills by friends in this place as a percentage of kills by friends in the entire game.
 D = Other kills in this place as a percentage of other kills in the entire game.
 E = Experience gained in this place as a percentage of experience gained in the entire game.
 F = Experience gained in this place divided by the number of levels of this place that you have seen.
                   A       B       C       D       E      F
               +-------+-------+-------+-------+-------+----------------------
         Total | 100.0 | 100.0 |   N/A |   N/A | 100.0 | 131.8
       Dungeon | 100.0 | 100.0 |   N/A |   N/A | 100.0 | 131.8
               +-------+-------+-------+-------+-------+----------------------

Table legend: (Time is in decaauts)
 A = Elapsed time spent in this place.
 B = Non-inter-level travel time spent in this place.
 C = Inter-level travel time spent in this place.
 D = Time resting spent in this place.
 E = Time spent auto-exploring this place.
 F = Levels seen in this place.
 G = Mean time per level.
                   A        B        C        D        E       F      G
               +--------+--------+--------+--------+--------+-----+--------+
         Total |   3605 |   3308 |    297 |    500 |   2044 |   4 |  901.2 |
       Dungeon |   3605 |   3308 |    297 |    500 |   2044 |   4 |  901.2 |
               +--------+--------+--------+--------+--------+-----+--------+

Top non-repeatable levels by time:
     D:3: 1245 daAuts
     D:1: 1072 daAuts
     D:2: 823 daAuts
     D:4: 464 daAuts
